 Dungeon Crawl Stone Soup version 0.25.1-2-g60ff931df9 (webtiles) character file.

Game seed: 10044401160501317270

37 RaHiT the Charlatan (level 3, 0/15 HPs)
             Began as a Felid Artificer on Sept 25, 2020.
             Slain by an adder (1 damage)
             ... on level 1 of the Dungeon.
             The game lasted 00:06:57 (1530 turns).

RaHiT the Charlatan (Felid Artificer)               Turns: 1530, Time: 00:06:57

Health: 0/15       AC:  1    Str:  8    XL:     3   Next: 23%
Magic:  6/6        EV: 18    Int: 13    God:
Gold:   86         SH:  0    Dex: 16    Spells: 3/3 levels left
                                        Lives:  0   Deaths: 0

rFire    . . .     SeeInvis +     - Unarmed
rCold    . . .     Gourm    .   (shield unavailable)
rNeg     . . .     Faith    .   (armour unavailable)
rPois    .         Spirit   .   (helmet unavailable)
rElec    .         Reflect  .   (cloak unavailable)
rCorr    .         Harm     .   (gloves unavailable)
MR       .....                  (boots unavailable)
Stlth    +++.......             (no amulet)
HPRegen  0.05/turn              (no ring)
MPRegen  0.10/turn              (no ring)

@: quick
A: very small, no armour, no weapons or thrown items, stealth, claws 1, fangs 3,
see invisible, carnivore, speed 1, shaggy fur 1, slow metabolism 1, sharp paws
a: no special abilities


You were on level 1 of the Dungeon.
You were completely stuffed.

You visited 1 branch of the dungeon, and saw 2 of its levels.

You collected 86 gold pieces.

Inventory:

Wands
 a - a wand of flame (14)
 b - a wand of enslavement (15)
 c - a wand of random effects (15)
Scrolls
 e - a scroll of amnesia {unknown}
 h - 3 scrolls of identify {unknown}
 j - a scroll of remove curse {unknown}
 m - a scroll of enchant weapon {unknown}
 p - a scroll of magic mapping {unknown}
Potions
 f - 3 potions of curing {unknown}
 i - a potion of heal wounds {unknown}
 k - a potion of mutation {unknown}
 l - a potion of haste {unknown}
 n - 2 potions of flight {unknown}
Comestibles
 d - 2 rations
 g - 3 chunks of flesh


   Skills:
 - Level 1.0 Fighting
 - Level 3.0 Dodging
 - Level 3.0 Stealth
 * Level 2.1 Unarmed Combat
 + Level 0.7 Spellcasting
 - Level 3.2 Evocations


You had 3 spell levels left.
You didn't know any spells.
Your spell library was empty.

Dungeon Overview and Level Annotations

Branches:
Dungeon (2/15)

Altars:


Innate Abilities, Weirdness & Mutations

You cannot wear armour.
You are incapable of wielding weapons or throwing items.
Your paws allow you to move quietly. (Stealth)
You have sharp claws.
You have razor-sharp teeth.
You have supernaturally acute eyesight. (SInv)
You are carnivorous and can eat meat at any time.
You cover ground quickly.
You are covered in fur. (AC +1)
You have a slow metabolism.
Your sharp claws are effective at attacking unaware monsters.


Message History

The kobold hits you with a +0 club. The adder bites you.
You climb upwards.
There is a stone staircase leading down here.
You scratch the adder. You bite the adder.
The adder is severely wounded.
The adder closely misses you.
You barely miss the adder.
The adder is severely wounded.
The adder bites you.
* * * LOW HITPOINT WARNING * * *
The adder bites you.
* * * LOW HITPOINT WARNING * * *
Evoke which item? (* to show all) (? for menu, Esc to quit)
Aiming: Throw Flame
Press: ? - help, Shift-Dir - straight line, f - adder
Aim: an adder (severely wounded)
The puff of flame hits the adder.
The adder is almost dead.
The adder bites you.
You die...

#........#####....#.##..##.#.#
#...........÷.....#..#..##.#.#
#........#####....#..#..##.#÷#
#........# #.##.#..#..##.#.#
#.(......# #.##....#..##.#.#
#........#####.#####.#..##.#.#
#######'####...##..........##.#..
.............#.########....##.###
.............#..@S.K.......##÷# #
.............##########.#..##.# #
.............# #####...>..[# #
#######......# #...........#
######## #.........).#
#...........# #...........#
#######.##### #.#


You could see an adder and a kobold.

Vanquished Creatures
  A dart slug (D:1)
  A leopard gecko (D:1)
  A ball python (D:1)
  2 giant cockroaches (D:1)
  A goblin (D:1)
  4 hobgoblins
  8 jackals (D:1)
  2 kobolds (D:1)
  2 bats (D:1)
  4 frilled lizards (D:1)
  5 rats
31 creatures vanquished.

Notes
Turn   | Place    | Note
-------+----------+-------------------------------------------
     0 | D:1      | RaHiT the Felid Artificer began the quest for the Orb.
     0 | D:1      | Reached XP level 1. HP: 9/9 MP: 4/4
   112 | D:1      | Reached XP level 2. HP: 5/12 MP: 5/5
   953 | D:1      | Reached XP level 3. HP: 15/15 MP: 6/6
  1530 | D:1      | Slain by an adder

Illustrated notes

Levels and vault maps discovered:
D:1:      saegor_arrival_simple_b, layout_basic
D:2:      layout_rooms, uniq_jessica

Skill      XL: |  1  2  3 |
---------------+----------+-----
Dodging        | 3 |  3.0
Stealth        | 2 3 |  3.0
Unarmed Combat | 2 |  2.1
Fighting       | |  1.0
Spellcasting   | |  0.7
Evocations     | |  3.2

Action                   || total
-------------------------++-------
Melee: Unarmed           ||   111
       Bite              ||    13
Evoke: Wand              ||     1
 Stab: Sleeping          ||     9
  Eat: Chunk             ||     9
Armor: Skin              ||     5
Dodge: Dodged            ||    79
